 Dungeon Crawl Stone Soup version 0.30.0-29-ga12c61a403 (webtiles) character file.

Game seed: 15197297708986307354

1621 Fodor the Protected (level 8, 0/69 HPs)
             Began as a Minotaur Fighter on June 13, 2023.
             Was a Follower of Qazlal.
             Slain by a gargoyle
             ... wielding a +2 mace of protection
              (7 damage)
             ... on level 6 of the Dungeon.
             The game lasted 00:31:05 (5594 turns).

Fodor the Protected (Minotaur Fighter)              Turns: 5594, Time: 00:31:05

Health: 0/69       AC: 32    Str: 24    XL:     8   Next: 64%
Magic:  7/7        EV:  7    Int:  5    God:    Qazlal [*.....]
Gold:   910        SH:  6    Dex:  9    Spells: 7/7 levels left

rFire   . . .        a - +2 hammer (venom)
rCold   . . .        c - +0 buckler
rNeg    . . .        h - +15 Maxwell's patent armour {-Cast -Tele rElec Will+ rCorr}
rPois   .            (helmet restricted)
rElec   +            z - scarf {shadows}
rCorr   +            o - +1 pair of gloves
SInv    .            e - +0 pair of boots
Will    +....        (no amulet) Stlth
                     (no ring)
HPRegen 0.31/turn    (no ring)
MPRegen 0.10/turn

%: no teleportation, no spellcasting
@: no status effects
A: horns 2, retaliatory headbutt
a: Renounce Religion


You were on level 6 of the Dungeon.
You worshipped Qazlal.
Qazlal was aware of your devotion.
You visited 1 branch of the dungeon, and saw 6 of its levels.

You collected 1048 gold pieces.
You spent 138 gold pieces at shops.

Inventory:

Hand Weapons
 a - a +2 hammer of venom (weapon)
 C - a +2 falchion of flaming
Missiles
 i - 3 javelins
 j - 42 stones
 v - 5 poisoned darts (quivered)
Armour
 c - a +0 buckler (worn)
 e - a +0 pair of boots (worn)
 h - the +15 Maxwell's patent armour (worn) {-Cast -Tele rElec Will+ rCorr}
   (You acquired it on level 5 of the Dungeon)

   rElec:     It insulates you from electricity.
   -Cast:     It prevents spellcasting.
   -Tele:     It prevents most forms of teleportation.
   rCorr:     It protects you from acid and corrosion.
   Will:      It increases your willpower.
 k - a +0 cloak
 o - a +1 pair of gloves (worn)
 z - a scarf of shadows (worn)
Jewellery
 b - a ring of magical power
 x - a ring of wizardry
Wands
 w - a wand of iceblast (14)
 y - a wand of quicksilver (7)
Scrolls
 f - a scroll of fear
 n - a scroll of magic mapping
 q - a scroll of vulnerability {unknown}
 r - a scroll of enchant armour {unknown}
 s - 2 scrolls of teleportation
 t - a scroll of immolation {unknown}
 A - a scroll of butterflies
 E - a scroll of blinking
Potions
 d - 4 potions of might
 g - a potion of degeneration {unknown}
 l - 3 potions of flight
 m - a potion of berserk rage {unknown}
 u - a potion of attraction {unknown}
 B - a potion of ambrosia {unknown}
 D - a potion of invisibility {unknown}
 F - a potion of lignification {unknown}


   Skills:
 + Level 5.4 Fighting
 + Level 5.5(6.3) Short Blades
 + Level 4.9(6.3) Long Blades
 + Level 1.2 Maces & Flails
 + Level 1.0 Throwing
 + Level 8.6 Armour
 + Level 3.1 Dodging
 + Level 0.4 Stealth
 + Level 5.2 Shields


You had 7 spell levels left.
You didn't know any spells.
Your spell library contained the following spells:

 Spells                   Type           Power      Damage    Failure   Level
 Sandblast                Erth           0%         2d4       100%        1
 Passwall                 Tmut/Erth      0%         N/A       100%        2
 Stone Arrow              Conj/Erth      0%         3d7       100%        3
 Alistair's Intoxication  Tmut/Pois      0%         N/A       100%        5
 Borgnjor's Vile Clutch   Necr/Erth      0%         N/A       100%        5
 Eringya's Noxious Bog    Tmut/Pois      0%         N/A       100%        6


Dungeon Overview and Level Annotations

Branches:
Dungeon (6/15)
 Temple: D:4-7

Altars:
Ashenzari
Kikubaaqudgha
Okawaru
Qazlal
Trog
Uskayaw
Vehumet
Wu Jian

Shops:
D:2 :   D:4 (


Innate Abilities, Weirdness & Mutations

You have a pair of horns on your head.
You reflexively headbutt those who attack you in melee.


Message History

The gargoyle hits you but does no damage.
You hit the gargoyle.
The gargoyle is almost destroyed.
The gargoyle hurls a stone arrow at you.
The stone arrow hits you!
You barely miss the gargoyle.
You headbutt the gargoyle, but do no damage.
The gargoyle is almost destroyed.
The gargoyle hurls a stone arrow at you.
The stone arrow hits you!
* * * LOW HITPOINT WARNING * * *
The gargoyle hurls a stone arrow at you.
The stone arrow hits you.
* * * LOW HITPOINT WARNING * * *
You barely miss the gargoyle.
The gargoyle is almost destroyed.
The gargoyle hurls a stone arrow at you.
The stone arrow hits you but does no damage.
You hit the gargoyle.
The gargoyle is almost destroyed.
The gargoyle closely misses you.
You hit the gargoyle but do no damage.
The gargoyle is almost destroyed.
The gargoyle hits you but does no damage. x2
You hit the gargoyle but do no damage.
The gargoyle is almost destroyed.
A troll comes into view.
The gargoyle hits you but does no damage.
The troll shouts!
You hit the gargoyle but do no damage.
The gargoyle is almost destroyed.
You hear a horrible gurgling sound!
The gargoyle hits you but does no damage.
You hear a shout! x2
You hit the gargoyle but do no damage.
The gargoyle is almost destroyed.
The gargoyle hurls a stone arrow at you.
The stone arrow hits you but does no damage.
The gargoyle hits you with a +2 mace of protection!
You die...

#.######.######
#.......<....#
#######......######
+# #...........#...
##.......$..#...
#..............
#....#....#T...
#.........##...
###...!○@9###.#
#....###.##!#
#.....###.#.#
#...#..####.#
##.###.....⌠. #.#
..####.# #.#
.###W#.#


You could see a troll, a wraith and a gargoyle.

Vanquished Creatures
  Eustachio (D:5)
  A water moccasin (D:5)
  A black bear (D:6)
  4 ogres
  A centaur (D:6)
  A phantom (D:4)
  3 bullfrogs
  3 scorpions
  A jelly (D:4)
  3 hounds
  Crazy Yiuf (D:5)
  A sleepcap (D:5)
  2 iguanas
  7 adders
  4 worms
  5 dart slugs
  2 orcs (D:3)
  9 ball pythons
  16 endoplasms
  4 giant cockroaches
  10 goblins
  8 hobgoblins
  8 jackals (D:1)
  5 quokkas
  8 bats
  4 frilled lizards
  4 kobolds
  9 rats
126 creatures vanquished.

Notes
Turn   | Place    | Note
-------+----------+-------------------------------------------
     0 | D:1      | Fodor the Minotaur Fighter began the quest for the Orb.
     0 | D:1      | Reached XP level 1. HP: 19/19 MP: 0/0
   128 | D:1      | Reached skill level 4 in Armour
   128 | D:1      | Reached XP level 2. HP: 24/27 MP: 1/1
   566 | D:1      | Reached XP level 3. HP: 27/31 MP: 2/2
  1191 | D:2      | Found a faded altar of an unknown god.
  1266 | D:2      | Identified the +0 robe of Qudiqaum {*Slow rPois Str+3}
  1328 | D:2      | Reached skill level 1 in Short Blades
  1517 | D:2      | Reached XP level 4. HP: 40/40 MP: 3/3
  1784 | D:2      | Found an ancient bone altar of Kikubaaqudgha.
  1822 | D:2      | Found Izilur's Book Shop.
  2164 | D:3      | You fall into a shaft and drop 2 floors!
  2164 | D:5      | Entered Level 5 of the Dungeon
  2174 | D:5      | Noticed a water moccasin
  2184 | D:5      | Killed a water moccasin
  2185 | D:5      | Reached skill level 5 in Armour
  2185 | D:5      | Reached skill level 1 in Dodging
  2185 | D:5      | Reached XP level 5. HP: 39/46 MP: 4/4
  2270 | D:5      | Noticed an ogre
  2283 | D:5      | Killed an ogre
  2284 | D:5      | Reached XP level 6. HP: 18/52 MP: 5/5
  2638 | D:4      | Found a hide-covered altar of Uskayaw.
  2659 | D:4      | Reached skill level 6 in Armour
  2749 | D:3      | Reached XP level 7. HP: 60/60 MP: 6/6
  3035 | D:3      | Found an ornate altar of the Wu Jian Council.
  3228 | D:3      | Found a stormy altar of Qazlal.
  3319 | D:3      | Became a worshipper of Qazlal Stormbringer
  3347 | D:3      | Found a radiant altar of Vehumet.
  3347 | D:3      | Found a bloodstained altar of Trog.
  3822 | D:4      | Reached skill level 5 in Short Blades
  4039 | D:4      | Reached skill level 7 in Armour
  4120 | D:4      | Found Jorut's Antique Weapon Boutique.
  4136 | D:4      | Bought a glowing falchion for 138 gold pieces
  4166 | D:4      | Identified 2 scrolls of acquirement
  4168 | D:4      | Acquired 797 gold pieces
  4529 | D:5      | Found an iron altar of Okawaru.
  4550 | D:5      | Reached XP level 8. HP: 41/67 MP: 7/7
  4764 | D:5      | Acquired the +15 Maxwell's patent armour {-Cast -Tele rElec
                  | Will+ rCorr}
  4764 | D:5      | Found the +15 Maxwell's patent armour {-Cast -Tele rElec
                  | Will+ rCorr}
  4833 | D:5      | Found a runed translucent door.
  4834 | D:5      | Noticed Crazy Yiuf
  4843 | D:5      | Killed Crazy Yiuf
  4844 | D:5      | Reached skill level 8 in Armour
  5238 | D:5      | Noticed Eustachio
  5259 | D:5      | Killed Eustachio
  5260 | D:5      | Found a broken altar of Ashenzari.
  5338 | D:5      | Reached skill level 5 in Fighting
  5338 | D:5      | Reached skill level 5 in Shields
  5446 | D:6      | Reached * piety under Qazlal
  5499 | D:6      | Reached skill level 1 in Maces & Flails
  5499 | D:6      | Reached skill level 1 in Throwing
  5568 | D:6      | Noticed a gargoyle
  5592 | D:6      | Noticed a troll
  5594 | D:6      | Slain by a gargoyle

Illustrated notes

Levels and vault maps discovered:
D:1:      dpeg_arrival_round_a, layout_loops_corners
D:2:      minmay_skewed_foursquare, layout_basic, serial_shops, shop,
          nicolae_ecumenical_pavilion, basic_altar
D:3:      layout_rooms, gammafunk_temple_overflow_wave,
          nicolae_overflow_crystal_walls, nicolae_wu_jian_wuxing_cycle,
          minmay_fractal_squares_5
D:4:      kb_forest_paths, layout_loops_corners, eat_drink_and_be_merry_uskayaw,
          temple_statues, serial_shops, nicolae_shop_advertising_works
          [nicolae_subvault_shop_adworks]
D:5:      layout_loops_ring, okawaru_gym_becter, evilmike_ruin_ashenzari,
          uniq_eustachio, uniq_crazy_yiuf_cottage
D:6:      layout_basic, kb_rosetta

Skill      XL: |  1  2  3  4  5  6  7  8 |
---------------+-------------------------+-----
Armour         | 4 5 6 7 8 |  8.6
Fighting       | 4 5 |  5.4
Long Blades    | 3 4 |  4.9
Short Blades   | 1 3 4 5 |  5.5
Dodging        | 1 2 3 |  3.1
Shields        | 4 5 |  5.2
Maces & Flails | 1 |  1.2
Throwing       | 1 |  1.0
Stealth        | |  0.4

Action                     |  1- 3 |  4- 6 |  7- 9 || total
---------------------------+-------+-------+-------++-------
  Melee: Long sword        |    31 |       |       ||    31
         Dagger            |    60 |    94 |    93 ||   247
         Headbutt          |     9 |     6 |    41 ||    56
         Falchion          |       |       |    41 ||    41
         Mace              |       |       |    58 ||    58
  Throw: Stone             |     3 |       |       ||     3
         Dart              |       |       |     5 ||     5
    Use: Scroll            |       |       |    10 ||    10
         Potion            |       |       |     3 ||     3
 Armour: Scale mail        |    51 |    35 |    19 ||   105
         Chain mail        |       |       |    57 ||    57
         Plate armour      |       |       |    96 ||    96
  Dodge: Dodged            |    44 |    35 |   103 ||   182
  Block: Buckler           |    13 |    14 |    47 ||    74
